AoeStats
← skeezerrr

Fortress

508420083Analyzed
3v3 RM · 11d ago on Sep 22, 2026· 42m 20s· 6 players
Game mode
Random Map
Map size
Large (8 player)
Population
200
Speed
Normal
Resources
Standard
Victory
Conquest
Starting age
Dark Age
Ending age
Imperial Age
RankedLock teamsTeams togetherTeam positionsShared explorationLock speedFull tech treeHidden civsTurbo modeCheats
Victory
Defeat
🇨🇳 Persians · China
1172
+15
🇨🇳 Ethiopians · China
1152
+16
🇨🇳 Britons · China
1132
+16
🇬🇧 Wu · United Kingdom
1205
-19
🇬🇧 Vietnamese · United Kingdom
1115
-14
🇬🇧 Italians · United Kingdom
1112
-14
Husain Bolt
8:16 Feudal Age
8:27 Loom
9:17 Double-Bit Axe
11:35 Horse Collar
13:56 Castle Age
12:18 Fletching
12:29 Padded Archer Armor
13:20 Scale Mail Armor
13:31 Forging
19:16 Gold Mining
21:15 Bow Saw
21:57 Pikeman
22:59 Leather Archer Armor
23:58 Bodkin Arrow
25:45 Red Cliffs Tactics
26:57 Wheelbarrow
27:19 Heavy Plow
29:32 Chain Mail Armor
29:53 Iron Casting
32:46 Imperial Age
30:34 Hand Cart
30:05 Town Watch
33:14 Halberdier
34:45 Conscription
34:38 Bracer
35:09 Plate Mail Armor
35:41 Blast Furnace
skeezerrr
5:19 Loom
7:05 Feudal Age
8:01 Double-Bit Axe
8:55 Wheelbarrow
13:27 Castle Age
12:41 Horse Collar
13:05 Fletching
14:29 Bow Saw
14:24 Heavy Plow
27:18 Imperial Age
24:35 Town Watch
25:16 Bodkin Arrow
25:22 Padded Archer Armor
26:13 Forging
26:58 Hand Cart
27:01 Fortified Wall
27:30 Elite Rattan Archer
29:19 Thumb Ring
29:45 Ballistics
30:27 Chemistry
30:41 Two-Man Saw
31:24 Pikeman
32:04 Squires
32:43 Iron Casting
31:53 Halberdier
32:37 Bracer
32:52 Leather Archer Armor
33:31 Caravan
34:38 Scale Mail Armor
migetsrus
4:50 Loom
7:44 Feudal Age
11:55 Castle Age
10:30 Double-Bit Axe
10:38 Horse Collar
12:53 Bow Saw
14:00 Heavy Plow
19:03 Stone Mining
19:34 Town Watch
19:59 Squires
19:44 Arson
21:21 Wheelbarrow
21:06 Gold Mining
23:33 Elite Skirmisher
27:27 Imperial Age
25:54 Ballistics
25:25 Fletching
25:36 Padded Archer Armor
25:44 Thumb Ring
27:21 Hand Cart
27:21 Bodkin Arrow
27:41 Leather Archer Armor
29:21 Chemistry
28:57 Imperial Skirmisher
29:38 Bracer
30:09 Ring Archer Armor
31:39 Two-Man Saw
31:01 Forging
30:55 Scale Mail Armor
30:42 Treadmill Crane
31:24 Conscription
33:00 Iron Casting
35:55 Blast Furnace
35:10 Chain Mail Armor
35:53 Pikeman
38:02 Plate Mail Armor
38:16 Fortified Wall
42:02 Pirotechnia
嘿,延边!
6:45 Feudal Age
10:37 Castle Age
9:14 Double-Bit Axe
9:34 Horse Collar
11:18 Bow Saw
14:45 Loom
15:56 Heavy Plow
18:03 Wheelbarrow
17:18 Town Watch
20:12 Husbandry
21:05 Gold Mining
21:47 Hand Cart
23:12 Gold Shaft Mining
23:34 Bloodlines
26:48 Imperial Age
24:49 Scale Barding Armor
24:55 Forging
25:59 Chain Barding Armor
26:35 Cavalier
26:35 Heavy Camel Rider
27:57 Plate Barding Armor
27:57 Iron Casting
28:20 Savar
30:21 Chemistry
29:43 Ballistics
30:47 Two-Man Saw
30:23 Conscription
30:39 Conscription
32:14 Blast Furnace
31:06 Fletching
33:14 Citadels
34:31 Caravan
Gaody
6:48 Feudal Age
7:39 Loom
11:47 Castle Age
11:58 Double-Bit Axe
17:19 Bow Saw
17:40 Horse Collar
20:37 Wheelbarrow
21:32 Stone Mining
21:53 Heavy Plow
22:09 Town Watch
26:54 Imperial Age
24:56 Fletching
25:43 Bodkin Arrow
26:10 Ballistics
26:01 Gold Mining
26:59 Fortified Wall
28:27 Conscription
28:10 Bracer
28:22 Squires
27:44 Pikeman
28:34 Town Patrol
28:51 Hand Cart
29:05 Yeomen
29:04 Padded Archer Armor
31:03 Gold Shaft Mining
31:03 Hand Cart
32:19 Chemistry
30:42 Elite Longbowman
32:13 Leather Archer Armor
32:07 Scale Barding Armor
31:24 Light Cavalry
32:05 Husbandry
32:18 Forging
35:38 Chain Barding Armor
35:54 Iron Casting
38:14 Plate Barding Armor
38:40 Blast Furnace
39:12 Caravan
40:09 Coinage
39:47 Siege Engineers
43:05 Ring Archer Armor
41:58 Elite Skirmisher
koyomi
6:43 Feudal Age
7:24 Double-Bit Axe
7:20 Horse Collar
12:44 Castle Age
15:30 Loom
20:02 Town Watch
20:53 Wheelbarrow
20:29 Fletching
20:39 Padded Archer Armor
20:48 Elite Skirmisher
22:12 Thumb Ring
23:39 Gold Mining
24:10 Crossbowman
25:18 Bodkin Arrow
25:46 Ballistics
26:17 Padded Archer Armor
27:40 Wheelbarrow
29:19 Leather Archer Armor
31:55 Imperial Age
29:42 Hand Cart
31:26 Gold Shaft Mining
31:21 Scale Mail Armor
31:32 Forging
32:54 Bracer
33:24 Ring Archer Armor
33:57 Chemistry
33:03 Siege Engineers
32:21 Capped Ram
32:32 Onager
33:36 Arbalester
36:06 Capped Ram
38:17 Masonry
38:02 Murder Holes
38:37 Siege Ram
40:02 Conscription
39:25 Light Cavalry
40:05 Husbandry
40:40 Ring Archer Armor
40:16 Scale Barding Armor
42:18 Siege Onager
Connection lost

Rejoining the realm…

Still unreachable

The connection could not be restored.

Session expired

The server has moved on; the page needs a fresh start.